 Dungeon Crawl Stone Soup version 0.27-a0-1196-g3e9cee4cb2 (webtiles) character file.

Game seed: 16004922400526900144

15 lightspider the Grave Robber (level 2, -3/16 HPs)
             Began as a Deep Elf Necromancer on May 29, 2021.
             Killed by nerve-wracking pain
             ... invoked by a shadow imp
              (12 damage)
             ... on level 3 of the Dungeon on May 30, 2021.
             The game lasted 00:05:16 (1629 turns).

lightspider the Grave Robber (Deep Elf Necromancer) Turns: 1629, Time: 00:05:16

Health: -3/16      AC:  3    Str:  5    XL:     2   Next: 34%
Magic:  8/8        EV: 12    Int: 19    God:
Gold:   60         SH:  0    Dex: 15    Spells: 5/7 levels left

rFire    . . .     SeeInvis .   d - +0 dagger
rCold    . . .     Faith    .   (no shield)
rNeg     . . .     Spirit   .   a - +0 robe
rPois    .         Reflect  .   (no helmet)
rElec    .         Harm     .   g - +0 cloak
rCorr    .         Rampage  .   (no gloves)
Will     .....                  (no boots)
Stlth    ++........             (no amulet)
HPRegen  0.05/turn              (no ring)
MPRegen  0.11/turn              (no ring)

@: no status effects
A: no striking features
a: no special abilities


You were on level 3 of the Dungeon.
You visited 1 branch of the dungeon, and saw 3 of its levels.

You collected 60 gold pieces.

Inventory:

Hand Weapons
 d - a +0 dagger (weapon)
Missiles
 c - 15 poisoned darts
 e - 2 atropa-tipped darts
 i - 11 arrows
Armour
 a - a +0 robe (worn)
 g - a +0 cloak (worn)
Jewellery
 j - a +4 ring of protection
Potions
 b - a potion of might {unknown}
 f - a potion of berserk rage
 h - a potion of resistance


   Skills:
 + Level 0.3 Fighting
 + Level 0.3 Short Blades
 + Level 2.6 Dodging
 + Level 2.6 Stealth
 + Level 3.2 Spellcasting
 + Level 5.0 Necromancy


You had 5 spell levels left.
You knew the following spells:

 Your Spells              Type           Power      Damage    Failure   Level
a - Pain                  Necr           88%        1d8       1%          1
b - Animate Skeleton      Necr           44%        N/A       1%          1

Your spell library contained the following spells:

 Spells                   Type           Power      Damage    Failure   Level
 Vampiric Draining        Necr           11%        2d7       5%          3
 Apportation              Tloc           6%         N/A       16%         1
 Corona                   Hex            3%         N/A       16%         1
 Summon Small Mammal      Summ           12%        N/A       16%         1
 Animate Dead             Necr           11%        N/A       19%         4
 Ensorcelled Hibernation  Hex/Ice        6%         N/A       22%         2
 Confusing Touch          Hex            3%         N/A       41%         3
 Dazzling Flash           Conj/Hex       6%         N/A       41%         3
 Gell's Gravitas          Tloc           1%         N/A       41%         3
 Tukima's Dance           Hex            3%         N/A       41%         3
 Agony                    Necr           22%        N/A       45%         5
 Petrify                  Tmut/Erth      3%         N/A       83%         4
 Metabolic Englaciation   Hex/Ice        1%         N/A       99%         5
 Yara's Violent Unravell  Hex/Tmut       1%         3d3       99%         5


Dungeon Overview and Level Annotations

Branches:
Dungeon (3/15)

Altars:


Message History

You see here 16 stones.
A ball python comes into view.
Found a stone staircase leading down.
The helpless ball python fails to defend itself.
You puncture the ball python!
You kill the ball python!
You see here a ball python corpse.
There is a stone staircase leading down here.
You see here a ball python corpse.
You see here a ball python corpse.
There is a stone staircase leading down here.
Done exploring.
Done exploring.
Done exploring.
There is a stone staircase leading down here.
You climb downwards.
There is a stone staircase leading up here.
A shadow imp comes into view.
The shadow imp shouts!
The shadow imp barely misses you.
You closely miss the shadow imp. You closely miss the shadow imp.
The shadow imp hits you but does no damage.
Casting: Pain (safe; 1% risk of failure)
Confirm with . or Enter, or press ? or * to list all spells.
You can't see any susceptible monsters within range! (Use Z to cast anyway.)
Casting: Pain (safe; 1% risk of failure)
Confirm with . or Enter, or press ? or * to list all spells.
You can't see any susceptible monsters within range! (Use Z to cast anyway.)
You hit the shadow imp but do no damage.
The shadow imp hits you.
You hit the shadow imp but do no damage.
The shadow imp hits you.
You closely miss the shadow imp.
The shadow imp hits you but does no damage.
You hit the shadow imp but do no damage.
The shadow imp gestures at you. Pain shoots through your body!
Ouch! That really hurt!
You die...

#.# #.#
##.##
#...#
#...#
#<..#
##.## #.#
#@#
......5.#
##..#####
#


You could see a shadow imp.

Vanquished Creatures
  A goblin (D:1)
  5 jackals
  2 ball pythons
  2 bats (D:2)
  A frilled lizard (D:2)
  3 kobolds
  2 rats (D:1)
16 creatures vanquished.

Notes
Turn   | Place    | Note
-------+----------+-------------------------------------------
     0 | D:1      | lightspider the Deep Elf Necromancer began the quest for
                  | the Orb.
     0 | D:1      | Reached XP level 1. HP: 10/10 MP: 6/6
   149 | D:1      | Found a faded altar of an unknown god.
   238 | D:1      | Learned a level 1 spell: Animate Skeleton
   328 | D:1      | Reached skill level 5 in Necromancy
   583 | D:1      | Reached XP level 2. HP: 14/15 MP: 8/8
  1629 | D:3      | Killed from afar by a shadow imp

Illustrated notes

Levels and vault maps discovered:
D:1:      denvon_arrival_planthouse, layout_loops_ring,
          ebering_ecumenical_altar_mist, serial_park_tiny_1, minivault_19,
          hangedman_decor_opposing, columned_hall_lemuel
D:2:      layout_loops_ring
D:3:      layout_loops_ring

Skill      XL: |  1 |
---------------+----+-----
Necromancy     | 5 |  5.0
Fighting       | |  0.3
Short Blades   | |  0.3
Dodging        | |  2.6
Stealth        | |  2.6
Spellcasting   | |  3.2

Action                   || total
-------------------------++-------
Melee: Dagger            ||    17
 Cast: Pain              ||    13
       Animate Skeleton  ||     4
  Use: Scroll            ||     4
 Stab: Sleeping          ||     4
Armor: Robe              ||     2
Dodge: Dodged            ||     4

Table legend: (Time is in decaauts)
 A = Elapsed time spent in this place.
 B = Non-inter-level travel time spent in this place.
 C = Inter-level travel time spent in this place.
 D = Time resting spent in this place.
 E = Time spent auto-exploring this place.
 F = Levels seen in this place.
 G = Mean time per level.
                   A        B        C        D        E       F      G
               +--------+--------+--------+--------+--------+-----+--------+
         Total |   1627 |   1614 |     13 |    169 |   1215 |   3 |  542.3 |
       Dungeon |   1627 |   1614 |     13 |    169 |   1215 |   3 |  542.3 |
               +--------+--------+--------+--------+--------+-----+--------+

Top non-repeatable levels by time:
     D:1: 941 daAuts
     D:2: 676 daAuts
     D:3: 9 daAuts
